 Dungeon Crawl Stone Soup version 0.28-a0-622-gbaef9634d7 (webtiles) character file.

Game seed: 7186763296786641352

231 Rennog the Firebug (level 6, -5/44 HPs)
             Began as a Gnoll Fire Elementalist on Oct 7, 2021.
             Killed from afar by Sigmund (9 damage)
             ... with a magic dart
             ... on level 4 of the Dungeon.
             The game lasted 00:05:24 (4201 turns).

Rennog the Firebug (Gnoll Fire Elementalist)        Turns: 4201, Time: 00:05:25

Health: -5/44      AC:  2    Str: 10    XL:     6   Next: 4%
Magic:  3/13       EV: 13    Int: 14    God:
Gold:   130        SH:  0    Dex: 12    Spells: 9/15 levels left

rFire   . . .      SeeInvis .   h - +2 short sword (holy)
rCold   . . .      Faith    .   (no shield)
rNeg    . . .      Spirit   .   a - +0 robe
rPois   .          Reflect  .   (no helmet)
rElec   .          Harm     .   (no cloak)
rCorr   .          Rampage  .   (no gloves)
Will    .....                   (no boots)
Stlth   +.........              (no amulet)
HPRegen 0.14/turn               (no ring)
MPRegen 0.13/turn               (no ring)

@: confused
A: fangs 1, strong nose, distributed training
a: no special abilities


You were on level 4 of the Dungeon.
You visited 1 branch of the dungeon, and saw 4 of its levels.

You collected 130 gold pieces.

Inventory:

Hand Weapons
 h - a +2 short sword of holy wrath (weapon)
Armour
 a - a +0 robe (worn)
Jewellery
 m - a ring of poison resistance
Wands
 q - a wand of flame (17)
Scrolls
 b - 2 scrolls of noise {unknown}
 e - 2 scrolls of blinking {unknown}
 i - a scroll of amnesia {unknown}
 j - 4 scrolls of identify {unknown}
 l - a scroll of fog {unknown}
 n - a scroll of fear {unknown}
 p - a scroll of teleportation {unknown}
 s - a scroll of immolation {unknown}
Potions
 c - 2 potions of haste {unknown}
 d - a potion of brilliance {unknown}
 f - a potion of curing {unknown}
 g - a potion of degeneration {unknown}
 k - a potion of lignification {unknown}
 o - a potion of magic {unknown}
 r - a potion of mutation {unknown}


   Skills:
 + Level 1.7 Fighting
 + Level 1.7 Short Blades
 + Level 1.7 Long Blades
 + Level 1.7 Axes
 + Level 1.7 Maces & Flails
 + Level 1.7 Polearms
 + Level 1.7 Staves
 + Level 1.7 Slings
 + Level 1.7 Bows
 + Level 1.7 Crossbows
 + Level 1.7 Throwing
 + Level 1.7 Armour
 + Level 4.9 Dodging
 + Level 4.5 Stealth
 + Level 1.7 Shields
 + Level 1.7 Unarmed Combat
 + Level 5.3 Spellcasting
 + Level 2.5 Conjurations
 + Level 1.3 Hexes
 + Level 1.3 Summonings
 + Level 1.3 Necromancy
 + Level 1.3 Translocations
 + Level 1.3 Transmutations
 + Level 5.6 Fire Magic
 + Level 1.3 Ice Magic
 + Level 1.3 Air Magic
 + Level 1.3 Earth Magic
 + Level 1.3 Poison Magic
 + Level 2.0 Invocations
 + Level 1.7 Evocations


You had 9 spell levels left.
You knew the following spells:

 Your Spells              Type           Power      Damage    Failure   Level
a - Foxfire               Conj/Fire      60%        2x1d7     3%          1
b - Scorch                Fire           38%        2d6       2%          2
c - Conjure Flame         Conj/Fire      15%        6-21      10%         3

Your spell library contained the following spells:

 Spells                   Type           Power      Damage    Failure   Level
 Inner Flame              Hex/Fire       13%        N/A       12%         3
 Flame Wave               Conj/Fire      15%        3d5       32%         4
 Summon Ice Beast         Ice/Summ       7%         N/A       67%         4
 Summon Mana Viper        Hex/Summ       7%         N/A       95%         5
 Monstrous Menagerie      Summ           3%         N/A       100%        7


Dungeon Overview and Level Annotations

Branches:
Dungeon (4/15)
 Temple: D:4-7

Altars:
Elyvilon
Uskayaw

Annotations:
D:2 1 runed translucent door, Crazy Yiuf
D:4 Sigmund


Innate Abilities, Weirdness & Mutations

You have very sharp teeth.
Your uncanny sense of smell can sniff out nearby items.
Your experience applies equally to all skills.


Message History

You can't see any susceptible monsters within range! (Use Z to cast anyway.)
Casting: Foxfire (safe; 3% risk of failure)
Confirm with . or Enter, or press ? or * to list all spells.
Flames lash something.
The foxfire hits something. x3; Something hits you.
Casting: Scorch (safe; 2% risk of failure)
Confirm with . or Enter, or press ? or * to list all spells.
Flames lash something.
Something barely misses you.
Casting: Scorch (safe; 2% risk of failure)
Confirm with . or Enter, or press ? or * to list all spells.
Flames lash something.
You conjure some foxfire!
You hear some strange, mumbled words.
A puff of flame appears from out of thin air!
The puff of flame hits you!
Your foxfire dissipates!
The foxfire hits something.
Something hits you.
Something tries to affect you, but you resist.
You conjure some foxfire!
The foxfire hits something. x2
You are confused.
You bump into the rock wall.
You bump into the rock wall.
Something hits you!
* * * LOW HITPOINT WARNING * * *
You bump into the rock wall.
You hear some strange, mumbled words.
You are more confused.
Sigmund appears from thin air!
Reactivating autopickup.
You bump into the rock wall.
Sigmund closely misses you.
Sigmund casts a spell.
Sigmund flickers and vanishes!
Deactivating autopickup; reactivate with Ctrl-A.
You're too confused to move!
You hear some strange, mumbled words.
A puff of flame appears from out of thin air!
The puff of flame hits you!
* * * LOW HITPOINT WARNING * * *
A magic dart appears from out of thin air!
The magic dart hits you!
You die...

#..##...##.#####
...#.#.#.#....>#
....#((#((#..####
....#.#(#(#..#
.....##(((##..#
......#####...#
.........##
........######
.........@...#
.###########{#
#.# #########.#
#(........#
#.######### #.#
#.## #..#


You could see 3 dancing weapons.

Vanquished Creatures
  A jelly (D:3)
  Natasha (thrice) (D:3)
  Robin (D:2)
  3 gnolls (D:3)
  An adder (D:2)
  3 worms
  3 dart slugs
  An orc (D:3)
  5 ball pythons
  6 endoplasms
  2 giant cockroaches
  10 goblins
  7 hobgoblins
  2 quokkas (D:1)
  7 bats
  A frilled lizard (D:2)
  8 kobolds
  3 rats (D:2)
67 creatures vanquished.

Vanquished Creatures (collateral kills)
  A foxfire (D:2)
1 creature vanquished.

Vanquished Creatures (others)
  301 foxfires
  2 plants (D:2)
  7 withered plants (D:2)
310 creatures vanquished.

Grand Total: 378 creatures vanquished

Notes
Turn   | Place    | Note
-------+----------+-------------------------------------------
     0 | D:1      | Rennog the Gnoll Fire Elementalist began the quest for the
                  | Orb.
     0 | D:1      | Reached XP level 1. HP: 13/13 MP: 6/6
   331 | D:1      | Reached XP level 2. HP: 19/19 MP: 2/7
  1124 | D:2      | Found a white marble altar of Elyvilon.
  1129 | D:2      | Reached XP level 3. HP: 21/25 MP: 3/9
  1209 | D:2      | Reached skill level 5 in Spellcasting
  1264 | D:2      | Reached skill level 1 in Invocations
  1426 | D:2      | Found a faded altar of an unknown god.
  1595 | D:2      | Learned a level 2 spell: Scorch
  1682 | D:2      | Learned a level 3 spell: Conjure Flame
  1832 | D:2      | Reached skill level 1 in Fighting
  1832 | D:2      | Reached skill level 1 in Short Blades
  1832 | D:2      | Reached skill level 1 in Long Blades
  1832 | D:2      | Reached skill level 1 in Axes
  1832 | D:2      | Reached skill level 1 in Maces & Flails
  1832 | D:2      | Reached skill level 1 in Polearms
  1832 | D:2      | Reached skill level 1 in Staves
  1832 | D:2      | Reached skill level 1 in Slings
  1832 | D:2      | Reached skill level 1 in Bows
  1832 | D:2      | Reached skill level 1 in Crossbows
  1832 | D:2      | Reached skill level 1 in Throwing
  1832 | D:2      | Reached skill level 1 in Armour
  1832 | D:2      | Reached skill level 1 in Shields
  1832 | D:2      | Reached skill level 1 in Unarmed Combat
  1832 | D:2      | Reached skill level 1 in Evocations
  1942 | D:2      | Found a runed translucent door.
  1943 | D:2      | Noticed Crazy Yiuf
  2068 | D:2      | Reached XP level 4. HP: 14/32 MP: 7/11
  2307 | D:2      | Noticed Robin
  2325 | D:2      | Killed Robin
  2985 | D:3      | Reached skill level 1 in Hexes
  2985 | D:3      | Reached skill level 1 in Summonings
  2985 | D:3      | Reached skill level 1 in Necromancy
  2985 | D:3      | Reached skill level 1 in Translocations
  2985 | D:3      | Reached skill level 1 in Transmutations
  2985 | D:3      | Reached skill level 1 in Ice Magic
  2985 | D:3      | Reached skill level 1 in Air Magic
  2985 | D:3      | Reached skill level 1 in Earth Magic
  2985 | D:3      | Reached skill level 1 in Poison Magic
  3304 | D:3      | Noticed Natasha
  3310 | D:3      | Killed Natasha
  3311 | D:3      | Reached XP level 5. HP: 37/37 MP: 4/12
  3551 | D:3      | Noticed Natasha
  3560 | D:3      | Killed Natasha
  3825 | D:3      | Noticed Natasha
  3829 | D:3      | Killed Natasha
  3830 | D:3      | Reached XP level 6. HP: 36/44 MP: 8/13
  4052 | D:4      | Noticed a +0 dagger
  4052 | D:4      | Noticed a +0 falchion
  4052 | D:4      | Noticed a +0 short sword
  4052 | D:4      | Noticed a +0 falchion
  4053 | D:4      | Noticed a +0 spear
  4053 | D:4      | Noticed a +0 short sword
  4053 | D:4      | Noticed a +0 spear
  4055 | D:4      | Noticed a +0 dagger
  4065 | D:4      | Found a hide-covered altar of Uskayaw.
  4146 | D:4      | Noticed Sigmund
  4201 | D:4      | Killed from afar by Sigmund

Illustrated notes

Levels and vault maps discovered:
D:1:      minmay_arrival_glassed_features, layout_basic, supply_closet_lemuel
D:2:      layout_loops_ring, serial_aquarium, aquarium_bridge_square
          [aquarium_subvault_bridge, aquarium_subvault_bridge,
          aquarium_subvault_bridge, aquarium_subvault_bridge],
          aquarium_window_fake, aquarium_window_2, aquarium_view_2d,
          aquarium_view_2d, aquarium_balcony_3b, basic_altar,
          shapermc_ecumenical_altar_flowoftime, uniq_robin,
          uniq_crazy_yiuf_cottage
D:3:      layout_rooms, eino_tiny_chamber, uniq_natasha
D:4:      layout_basic, nicolae_uskayaw_en_pointe,
          lemuel_coloured_pillars_altar, uniq_duvessa, uniq_sigmund, uniq_edmund

Skill      XL: |  1  2  3  4  5 |
---------------+----------------+-----
Conjurations   | 2 |  2.5
Spellcasting   | 5 |  5.3
Invocations    | 1 2 |  2.0
Fighting       | 1 |  1.7
Short Blades   | 1 |  1.7
Long Blades    | 1 |  1.7
Axes           | 1 |  1.7
Maces & Flails | 1 |  1.7
Polearms       | 1 |  1.7
Staves         | 1 |  1.7
Slings         | 1 |  1.7
Bows           | 1 |  1.7
Crossbows      | 1 |  1.7
Throwing       | 1 |  1.7
Armour         | 1 |  1.7
Shields        | 1 |  1.7
Unarmed Combat | 1 |  1.7
Evocations     | 1 |  1.7
Hexes          | 1 |  1.3
Summonings     | 1 |  1.3
Necromancy     | 1 |  1.3
Translocations | 1 |  1.3
Transmutations | 1 |  1.3
Ice Magic      | 1 |  1.3
Air Magic      | 1 |  1.3
Earth Magic    | 1 |  1.3
Poison Magic   | 1 |  1.3
Dodging        | |  4.9
Stealth        | |  4.5
Fire Magic     | |  5.6

Action                   |  1- 3 |  4- 6 || total
-------------------------+-------+-------++-------
Melee: Short sword       |    21 |    23 ||    44
       Dagger            |    16 |       ||    16
       Bite              |     2 |     1 ||     3
       Unarmed           |     1 |       ||     1
 Cast: Foxfire           |   122 |    64 ||   186
       Scorch            |       |    17 ||    17
 Stab: Sleeping          |     1 |     1 ||     2
Armor: Robe              |     5 |     9 ||    14
Dodge: Dodged            |    25 |    39 ||    64

Table legend: (Time is in decaauts)
 A = Elapsed time spent in this place.
 B = Non-inter-level travel time spent in this place.
 C = Inter-level travel time spent in this place.
 D = Time resting spent in this place.
 E = Time spent auto-exploring this place.
 F = Levels seen in this place.
 G = Mean time per level.
                   A        B        C        D        E       F      G
               +--------+--------+--------+--------+--------+-----+--------+
         Total |   4201 |   4008 |    193 |      0 |   3459 |   4 | 1050.2 |
       Dungeon |   4201 |   4008 |    193 |      0 |   3459 |   4 | 1050.2 |
               +--------+--------+--------+--------+--------+-----+--------+

Top non-repeatable levels by time:
     D:2: 1687 daAuts
     D:1: 1173 daAuts
     D:3: 1163 daAuts
     D:4: 176 daAuts
